 Dungeon Crawl Stone Soup version 0.30-a0-777-ga9a30cbeda (webtiles) character file.

Game seed: 2843497270652801639

483480 theswoord the Slayer (level 23, -8/181 HPs)
             Began as a Demonspawn Gladiator on Feb 14, 2023.
             Was the Champion of Hepliaklqana.
             Mangled by a titanic slime creature (60 damage)
             ... on level 3 of the Pits of Slime.
             The game lasted 01:38:19 (43413 turns).

theswoord the Slayer (Demonspawn Gladiator)        Turns: 43413, Time: 01:38:20

Health: -8/181     AC: 46    Str: 23    XL:     23   Next: 46%
Magic:  0/37       EV: 13    Int:  7    God:    Hepliaklqana [******]
Gold:   3017       SH:  4    Dex: 17    Spells: 41/43 levels left

rFire   + + +      SeeInvis +    l - +4 lajatang (spect)
rCold   + . .      Faith    .    (shield currently unavailable)
rNeg    + . .      Spirit   +    w - +9 crystal plate armour
rPois   .          Reflect  .    (helmet unavailable)
rElec   .          Harm     .    E - scarf {rC+ rF+}
rCorr   +          Rampage  .    X - +0 pair of gloves
Will    +....                    K - +0 pair of boots "Futos" {rF++ Int-3} Stlth
                                 U - amulet of Xihuggah {Spirit rF+ rN+ Regen+}
HPRegen 9.30/turn                e - ring of resist corrosion
MPRegen 0.25/turn                O - +4 ring of slaying

@: studying Axes
A: reduced essence, antennae 3, icemail 1, powered by death 3, sharp scales 3,
condensation shield, corrupting presence 2, word of chaos
}: 3/15 runes: serpentine, barnacled, silver
a: Word of Chaos, Renounce Religion, Recall Ancestor, Ancestor Identity,
Transference, Idealise


You were on level 3 of the Pits of Slime.
You worshipped Hepliaklqana.
Hepliaklqana was exalted by your worship.
You visited 9 branches of the dungeon, and saw 44 of its levels.
You also visited: Bailey, Gauntlet, Ice Cave and Wizlab.

You collected 7785 gold pieces.
You spent 4768 gold pieces at shops.

Inventory:

Hand Weapons
 a - a +1 quarterstaff of electrocution
 l - a +4 spectral lajatang (weapon)
 m - the +3 lajatang of Summertime {freeze, rElec rN+}
   (You acquired it on level 4 of the Dungeon)

   rElec:     It insulates you from electricity.
   rN:        It protects you from negative energy.
Missiles
 d - 5 throwing nets
Armour
 w - a +9 crystal plate armour (worn)
 E - a scarf of resistance (worn)
 K - the +0 pair of boots "Futos" (worn) {rF++ Int-3}
   (You found it on level 11 of the Dungeon)

   Int:       It affects your intelligence (-3).
   rF:        It greatly protects you from fire.
 X - a +0 pair of gloves (worn)
Jewellery
 e - a ring of resist corrosion (left hand)
 H - the ring "Makleq" {rF++ Will+ Str+2}
   (You bought it in a shop on level 3 of the Depths)

   [ring of willpower]

   Str:       It affects your strength (+2).
   rF:        It greatly protects you from fire.
   Will:      It increases your willpower.
 O - a +4 ring of slaying (right hand)
 P - the ring of the Hare {EV+10}
   (You acquired it on level 2 of the Lair of Beasts)

   [ring of evasion]

   EV:        It affects your evasion (+10).
 R - the ring "Sytel" {rPois rC+ Will+ Str+4 Stlth+}
   (You found it in a Gauntlet)

   [ring of willpower]

   Str:       It affects your strength (+4).
   rC:        It protects you from cold.
   rPois:     It protects you from poison.
   Will:      It increases your willpower.
   Stlth:     It makes you more stealthy.
 U - the amulet of Xihuggah (around neck) {Spirit rF+ rN+ Regen+}
   (You took it off a minotaur in a Gauntlet)

   [amulet of guardian spirit]

   It causes incoming damage to be divided between your reserves of health and
   magic.
   rF:        It protects you from fire.
   rN:        It protects you from negative energy.
   Regen:     It increases your rate of health regeneration.
 V - the ring "Gamud" {rPois rC++ Str-4 SInv}
   (You bought it in a shop on level 3 of the Depths)

   [ring of see invisible]

   Str:       It affects your strength (-4).
   rC:        It greatly protects you from cold.
   rPois:     It protects you from poison.
   SInv:      It lets you see invisible.
Wands
 o - a wand of roots (22)
 q - a wand of paralysis (37)
 J - a wand of mindburst (19)
 Y - a wand of digging (10)
 Z - a wand of light (6)
Scrolls
 b - 3 scrolls of amnesia
 c - 4 scrolls of brand weapon
 f - 6 scrolls of enchant armour
 g - 3 scrolls of fog
 i - 3 scrolls of silence
 j - 8 scrolls of blinking
 k - 2 scrolls of immolation
 p - 4 scrolls of torment
 t - 20 scrolls of identify
 A - 6 scrolls of fear
 B - 8 scrolls of vulnerability
 I - 11 scrolls of teleportation
 M - 11 scrolls of poison
 Q - a scroll of summoning
 T - 5 scrolls of magic mapping
Potions
 h - 12 potions of ambrosia
 n - 15 potions of curing
 r - 9 potions of mutation
 s - 4 potions of lignification
 u - 5 potions of might
 v - 6 potions of brilliance
 x - 7 potions of haste
 z - 4 potions of berserk rage
 C - a potion of flight
 D - 8 potions of attraction
 F - 3 potions of invisibility
 G - 3 potions of magic
 L - 7 potions of cancellation
 N - 16 potions of heal wounds


   Skills:
 + Level 21.9 Fighting
 + Level 16.8 Staves
 - Level 1.7 Throwing
 + Level 20.2 Armour
 + Level 17.6 Dodging
 - Level 10.7 Spellcasting
 - Level 10.8 Transmutations
 - Level 10.7 Invocations


You had 41 spell levels left.
You knew the following spells:

 Your Spells              Type           Power      Damage    Failure   Level
a - Wereblood             Tmut           18%        N/A       4%          2

Your spell library contained the following spells:

 Spells                   Type           Power      Damage    Failure   Level
 Beastly Appendage        Tmut           36%        N/A       3%          1
 Spider Form              Tmut/Pois      11%        N/A       67%         3
 Momentum Strike          Conj/Tloc      6%         3d8       99%         2
 Gell's Gravitas          Tloc           3%         N/A       100%        3
 Teleport Other           Tloc           3%         N/A       100%        3
 Leda's Liquefaction      Hex/Erth       1%         N/A       100%        4
 Lee's Rapid Deconstruct  Erth           1%         3d4*      100%        5
 Statue Form              Tmut/Erth      7%         N/A       100%        6
 Haunt                    Necr/Summ      1%         N/A       100%        7


Dungeon Overview and Level Annotations

Branches:
Dungeon (15/15)            Temple (1/1) D:6            Lair (5/5) D:11
 Shoals (4/4) Lair:2        Snake (4/4) Lair:3        Slime (4/5) Lair:4
    Orc (2/2) D:9             Elf (0/3) Orc:2        Vaults (5/5) D:13
  Crypt (0/3) Vaults:2     Depths (4/4) D:15            Zot (0/5) Depths:4
 Bailey (visited)           IceCv (visited)          WizLab (visited)
Gauntlet (visited)

Altars:
Cheibriados
Dithmenos
Hepliaklqana
Okawaru
Qazlal
Ru
Uskayaw
Vehumet
Jiyva

Shops:
D:1 ((*(   D:10 =   D:11 *:::   D:12 *   Orc:2 (*:[   Vaults:1 [   Vaults:3 *
Depths:3 ==:

Portals:
Hell: Depths:1 Depths:2 Depths:3 Depths:4
Abyss: Depths:3
Pandemonium: Depths:1 Depths:2 Depths:3
Ziggurat: Depths:3


Innate Abilities, Weirdness & Mutations

Your life essence is reduced to manifest your ancestor. (-10% HP)
You have a pair of large antennae on your head. (SInv)
A meltable icy envelope protects you from harm. (AC +4)
You regenerate a lot of health from kills.
You are completely covered in razor-sharp scales. (AC +3, Slay +3)
A meltable shield of frost defends you. (SH +4)
Your presence sometimes corrodes or deforms those you injure.
You can speak a Word of Chaos.


Message History

The slime creature barely misses you.
You slice the enormous slime creature!!
Your +4 spectral lajatang hits the enormous slime creature!!
The slime creature barely misses you. The slime creature hits you.
Two slime creatures merge to form a titanic slime creature.
You slash the titanic slime creature!
Your corrupting presence corrodes the titanic slime creature!
Your +4 spectral lajatang hits the titanic slime creature!
Ayize emerges from the mists of memory!
You block the slime creature's attack.
A titanic slime creature splits.
The slime creature hits you but does no damage.
The slime creature misses you. The titanic slime creature misses you.
Ayize hits the slime creature with a +0 lajatang of freezing!!!
Ayize freezes the slime creature!!
The slime creature dies!
You climb upwards.
There is a stone staircase leading down, spattered with blood here.
You slice the large slime creature!!
Your +4 spectral lajatang barely misses the large slime creature.
The very large slime creature hits you but does no damage.
You slice the large slime creature!!
The large slime creature seems to be corroded for longer.
Your +4 spectral lajatang hits the large slime creature!!
You kill the large slime creature!
The slime creature barely misses you. The titanic slime creature hits you!!!
The very large slime creature hits you!
You slice the very large slime creature!!
Your +4 spectral lajatang hits the very large slime creature!
The titanic slime creature hits you!!!!
* * * LOW HITPOINT WARNING * * *
The slime creature hits you but does no damage.
The very large slime creature misses you.
The slime creature hits you!
* * * LOW HITPOINT WARNING * * *
You carve the very large slime creature like a ham!!!
You kill the very large slime creature!
The slime creature hits you!
* * * LOW HITPOINT WARNING * * *
The titanic slime creature hits you!!!
You die...

##....^..#......##
##...........#...##
##.................#
#...#.............##
##.................#
##.....<..........#
##................##
#..........§..##...#
##.........J@...#..###
#...........J.§......## ####
##.......#............####..#
##...........................
#............##.............#
#..............#.............
#....#.#.#.......<..##....#.#
##..###...#....#...#####...##
#### ##.#........### ##.##


You could see a titanic slime creature and a slime creature.

Vanquished Creatures
  A dread lich (Vaults:5)
  An ancient lich (Vaults:5)
  Mara (Snake:3)
  A juggernaut (Depths:2)
  Vashnia (Snake:3)
  Bai Suzhen (Vaults:2)
  4 caustic shrikes
  3 golden dragons
  4 tentacled monstrosities
  A walking crystal tome (WizLab)
  An Ice Fiend (IceCv)
  4 liches
  A walking earthen tome (WizLab)
  3 walking frostbound tomes
  2 titans (Vaults:5)
  2 acid blobs
  Gastronok (Lair:3)
  5 sphinxes
  5 tengu reavers
  2 storm dragons
  A rockslime (Slime:1)
  3 azure jellies
  A strange machine (WizLab)
  3 shadow dragons
  Donald (Orc:2)
  7 nagarajas
  10 fire giants
  3 deep elf sorcerers (Vaults:5)
  7 vault wardens
  8 frost giants
  3 iron dragons
  An orc warlord (Orc:2)
  Aizul (Snake:3)
  11 very ugly things
  13 ironbound preservers
  4 war gargoyles
  A quicksilver ooze (Slime:3)
  4 spriggan defenders
  2 ironbound thunderhulks (Vaults:3)
  2 vampire knights
  2 green draconians (Depths:4)
  A deep elf annihilator (Vaults:5)
  A black draconian (Depths:4)
  11 stone giants
  A bunyip (shapeshifter) (Depths:2)
  A dire elephant (Vaults:3)
  A red draconian (Depths:4)
  4 spark wasps (Depths:3)
  A purple draconian (Depths:4)
  A minotaur (Gauntlet)
  A yellow draconian (Depths:4)
  A deep elf death mage (Vaults:5)
  7 ettins
  9 merfolk javelineers
  An entropy weaver (Vaults:3)
  A jiangshi (Depths:3)
  3 fire dragons
  8 merfolk impalers
  8 yaktaur captains
  8 great orbs of eyes
  9 ice dragons
  2 hydras (shapeshifter) (Vaults:5)
  5 hydras
  2 hell beasts
  33 vault guards
  2 salamander tyrants (Snake:4)
  A peacekeeper (Vaults:2)
  2 catoblepae (Lair:5)
  6 rakshasas
  2 merfolk avatars (Shoals:2)
  5 caustic shrike simulacra (IceCv)
  A radroach (shapeshifter) (Depths:3)
  2 ogre magi (Vaults:5)
  2 death knights (Vaults:2)
  10 centaur warriors
  6 ironbound frosthearts
  15 anacondas
  5 spriggan air magi
  17 death yaks
  7 two-headed ogres
  A boulder beetle (Vaults:1)
  2 alligator snapping turtles (Shoals:4)
  6 dancing weapons (WizLab)
  3 merfolk aquamancers (Shoals:4)
  4 tengu warriors
  A hell hog (Depths:4)
  15 naga sharpshooters
  A death yak (shapeshifter) (Depths:2)
  14 naga warriors
  5 deep troll shamans
  10 deep troll earth magi
  7 shock serpents
  A vampire mage (Depths:3)
  2 spriggan berserkers
  A soul eater (Depths:4)
  4 hell knights
  A titan skeleton (Depths:3)
  8 iron trolls
  A sixfirhy (Depths:3)
  7 skysharks
  4 skeletal warriors (D:13)
  5 spectral anacondas (Snake:3)
  4 salamander mystics
  46 deep trolls
  2 bog bodies (IceCv)
  A quicksilver dragon simulacrum (Depths:4)
  3 glowing orange brains
  2 flayed ghosts (Depths:3)
  6 sea snakes
  2 obsidian statues (IceCv)
  A kraken simulacrum (Shoals:4)
  3 naga ritualists (Snake:4)
  6 lindwurms (Vaults:1)
  2 phantasmal warriors (Vaults:5)
  A spriggan simulacrum (IceCv)
  A harpy (shapeshifter) (Depths:2)
  Pikel (D:8)
  A mana viper (Snake:4)
  3 necromancers
  7 wizards
  11 harpies
  A wolf spider zombie (D:15)
  2 anaconda skeletons (Snake:3)
  6 ironbound convokers
  A golden dragon skeleton (Depths:3)
  6 orc knights
  31 ugly things
  4 cyclopes
  4 deep elf pyromancers (D:15)
  7 orc sorcerers
  10 manticores
  7 salamanders
  4 oklob plants (Lair:4)
  5 fauns
  7 elephants
  A worldbinder (Gauntlet)
  3 merfolk sirens
  3 frost giant zombies (Depths:1)
  8 vault sentinels
  A fire giant skeleton (Depths:3)
  5 guardian serpents
  14 naga magi
  2 eyes of devastation (shapeshifter) (Vaults:5)
  2 torpor snails
  4 water nymphs
  23 black mambas
  2 smoke demons
  2 gargoyles
  An unseen horror (D:12)
  A cane toad (shapeshifter) (D:15)
  7 cane toads
  2 orange demons (Depths:3)
  5 rime drakes
  Maggie (D:6)
  A spriggan zombie (Depths:1)
  7 yaktaurs
  6 freezing wraiths
  6 komodo dragons
  2 kobold demonologists (D:12)
  2 golden dragon simulacra (IceCv)
  2 tengu conjurers
  2 ice devils
  5 anaconda simulacra (Snake:3)
  A spriggan skeleton (Depths:1)
  6 trolls
  A burning bush (Lair:1)
  A queen bee (Lair:4)
  24 merfolk
  3 wind drakes
  A meliai (Lair:4)
  2 polar bears
  A tarantella (Vaults:2)
  A hornet (Depths:4)
  Prince Ribbit (D:7)
  12 blink frogs
  4 snapping turtles (Shoals:4)
  4 dream sheep
  A slime creature (shapeshifter) (Depths:3)
  20 slime creatures
  Sigmund (D:3)
  6 spriggans
  11 water elementals
  A vampire (D:11)
  2 culicivoras
  7 wraiths
  3 shadows
  2 wyverns
  2 ynoxinuls
  36 yaks
  A human (D:13)
  A basilisk (shapeshifter) (D:14)
  2 hogs (Lair:3)
  Grum (D:9)
  2 steam dragons
  9 basilisks
  A neqoxec (Depths:3)
  A redback (Vaults:3)
  A chaos spawn (Depths:3)
  Menkaure (D:5)
  33 nagas
  3 wargs
  5 acid dragons
  3 hydra simulacra (IceCv)
  13 water moccasins
  3 floating eyes
  Duvessa (D:7)
  A glowing shapeshifter skeleton (Depths:1)
  22 orc warriors
  2 sky beasts
  An ettin simulacrum (IceCv)
  3 ice beasts
  5 black bears
  13 ogres
  A boggart (Gauntlet)
  12 wolves
  18 centaurs
  2 lemures (D:8)
  6 kobold brigands
  12 bullfrogs
  3 gnoll sergeants
  4 necrophages
  3 scorpions
  4 wights
  Dowan (D:7)
  18 killer bees (Lair:4)
  6 howler monkeys
  5 electric eels
  7 hounds
  3 jellies
  A gnoll bouda (D:8)
  21 orc priests
  Ijyb (D:3)
  An iguana (D:7)
  Natasha (D:3)
  20 orc wizards
  18 gnolls
  11 adders
  A river rat (Lair:4)
  2 shadow imps
  3 white imps
  2 ufetubi
  A worm (D:2)
  8 dart slugs
  84 orcs
  7 endoplasms
  2 giant cockroaches (D:1)
  11 goblins
  5 hobgoblins
  5 jackals
  A jackal (shapeshifter) (Vaults:5)
  8 kobolds
  3 quokkas
  7 ball pythons
  5 bats
  2 frilled lizards
  4 rats
  A plant (Lair:3)
  3 tentacles
1382 creatures vanquished.

Vanquished Creatures (collateral kills)
  A dread lich (Vaults:5)
  Saint Roka (Depths:1)
  A golden dragon (Depths:4)
  2 caustic shrikes
  A tentacled monstrosity (Depths:4)
  An Ice Fiend (IceCv)
  2 acid blobs (Slime:4)
  Kirke (Lair:3)
  2 krakens
  A sphinx (Vaults:5)
  A shadow dragon (Vaults:5)
  2 tengu reavers
  2 fire giants
  2 azure jellies (Slime:4)
  2 vault wardens (Vaults:5)
  An iron dragon (Depths:2)
  4 frost giants
  Louise (Snake:3)
  3 ironbound preservers
  3 spriggan defenders
  A draconian stormcaller (Depths:4)
  2 war gargoyles
  An orc warlord (Vaults:1)
  7 stone giants
  A very ugly thing (Depths:1)
  A green draconian (Depths:4)
  2 purple draconians (Depths:4)
  3 spark wasps
  2 ettins
  A crystal guardian (Vaults:3)
  A merfolk impaler (Shoals:3)
  A merfolk javelineer (Shoals:2)
  A deep elf death mage (Vaults:5)
  5 rakshasas
  2 yaktaur captains (Vaults:5)
  An entropy weaver (Vaults:2)
  Josephine (D:13)
  A jiangshi (Depths:3)
  A great orb of eyes (Slime:4)
  A vault guard (D:13)
  An ice dragon (Depths:4)
  A salamander tyrant (Snake:4)
  An ironbound frostheart (Vaults:2)
  A catoblepas (Lair:5)
  A hydra (Lair:4)
  A merfolk avatar (Shoals:4)
  A peacekeeper (Vaults:3)
  A merfolk aquamancer (Shoals:4)
  2 spriggan air magi
  A centaur warrior (Vaults:2)
  An anaconda (Snake:4)
  2 tengu warriors (D:15)
  A deep troll shaman (Depths:3)
  4 death yaks
  2 shock serpents (Snake:4)
  2 dancing weapons (WizLab)
  6 deep troll earth magi
  A naga sharpshooter (Snake:2)
  A hell hog (Depths:1)
  2 spriggan berserkers
  8 hell knights
  A sun demon (Depths:3)
  A vampire mage (D:15)
  An orc high priest (Orc:2)
  An anaconda zombie (Snake:3)
  2 iron trolls
  A skyshark (Shoals:3)
  A spectral anaconda (Snake:3)
  Lodul (D:13)
  2 sea snakes
  A salamander mystic (Snake:4)
  17 deep trolls
  A flayed ghost (Depths:2)
  2 glowing orange brains
  2 wizards
  6 ironbound convokers
  5 harpies
  A bog body (IceCv)
  A tengu skeleton (Depths:3)
  3 orc knights
  An orc sorcerer (Depths:1)
  7 ugly things
  An oklob plant (Shoals:4)
  A faun (Shoals:3)
  2 salamanders
  3 necromancers
  2 mana vipers (Snake:4)
  4 manticores
  A shining eye (Slime:4)
  2 cyclopes
  A merfolk siren (Shoals:1)
  3 guardian serpents
  A smoke demon (Depths:1)
  A rust devil (Depths:3)
  2 elephants (Lair:3)
  5 black mambas
  A water nymph (Shoals:4)
  5 cane toads
  4 vault sentinels
  6 naga magi
  An eye of devastation (Slime:1)
  A centaur skeleton (D:15)
  3 anaconda simulacra (Snake:3)
  4 yaktaurs
  3 tengu conjurers
  3 komodo dragons
  A golden dragon simulacrum (IceCv)
  A red devil (Depths:3)
  A meliai (Lair:4)
  A wind drake (Shoals:2)
  A troll (Vaults:5)
  A hornet (Depths:4)
  6 merfolk
  A blink frog (Lair:3)
  A tarantella (Vaults:3)
  4 snapping turtles
  An iron dragon simulacrum (Depths:3)
  7 slime creatures
  A jumping spider (shapeshifter) (Vaults:5)
  A vampire (D:12)
  A shadow (Gauntlet)
  A wraith (D:14)
  A wyvern (D:9)
  15 yaks
  A spriggan (Bailey)
  2 water elementals
  A redback (Vaults:2)
  A minotaur simulacrum (IceCv)
  2 wargs
  14 nagas
  A water moccasin (Lair:4)
  11 orc warriors
  2 boggarts (Gauntlet)
  5 ogres (D:13)
  A wolf (Lair:3)
  3 centaurs (D:15)
  An ettin simulacrum (IceCv)
  A kobold brigand (D:12)
  2 bullfrogs
  A hornet simulacrum (D:15)
  9 killer bees (Lair:4)
  An electric eel (D:11)
  A hound (D:11)
  4 orc priests (Orc:2)
  7 orc wizards
  A hell rat (Lair:4)
  31 orcs
  A kobold (D:12)
  A bush (Lair:3)
  2 butterflies (Lair:5)
  2 tentacles (Shoals:1)
384 creatures vanquished.

Vanquished Creatures (others)
  A skyshark (Shoals:2)
  2 nagas (Snake:1)
  A killer bee (Lair:4)
  40 battlemagi
  24 fungi
  113 plants
  11 tentacles
192 creatures vanquished.

Grand Total: 1958 creatures vanquished

Notes
Turn   | Place    | Note
-------+----------+-------------------------------------------
     0 | D:1      | theswoord the Demonspawn Gladiator began the quest for the
                  | Orb.
     0 | D:1      | Reached XP level 1. HP: 16/16 MP: 1/1
     9 | D:1      | Found Sotun's Antique Weapon Shoppe.
   160 | D:1      | Gained mutation: You have a pair of small antennae on your
                  | head. [demonic ancestry]
   160 | D:1      | Reached XP level 2. HP: 22/22 MP: 2/2
   255 | D:1      | Found Elliank's General Store.
   362 | D:1      | Found Sukexko's Antique Weapon Emporium.
   411 | D:1      | Reached XP level 3. HP: 27/27 MP: 3/3
   747 | D:1      | Found Rajati's Antique Weapon Boutique.
   787 | D:2      | Found a shadowy altar of Dithmenos.
   938 | D:2      | Gained mutation: You are partially covered in razor-sharp
                  | scales. (AC +1, Slay +1) [demonic ancestry]
   938 | D:2      | Reached XP level 4. HP: 21/33 MP: 4/4
  1163 | D:2      | Reached skill level 5 in Staves
  1316 | D:2      | Gained mutation: You regenerate a little health from kills.
                  | [demonic ancestry]
  1316 | D:2      | Reached XP level 5. HP: 38/38 MP: 5/5
  1683 | D:3      | Noticed Natasha
  1693 | D:3      | Killed Natasha
  1796 | D:3      | Noticed Sigmund
  1803 | D:3      | Killed Sigmund
  1804 | D:3      | Gained mutation: You have a pair of antennae on your head.
                  | [demonic ancestry]
  1804 | D:3      | Reached XP level 6. HP: 44/44 MP: 6/6
  1859 | D:3      | Learned a level 2 spell: Wereblood
  2106 | D:3      | Noticed Ijyb
  2125 | D:3      | Killed Ijyb
  2798 | D:4      | Reached XP level 7. HP: 24/50 MP: 7/7
  2942 | D:4      | Found a radiant altar of Vehumet.
  3455 | D:4      | Identified a scroll of acquirement
  3455 | D:4      | Acquired the +3 lajatang of Summertime {freeze, rElec rN+}
  3508 | D:5      | Entered Level 5 of the Dungeon
  3524 | D:5      | Acquired a +1 crystal plate armour
  3700 | D:5      | Noticed a two-headed ogre
  3702 | D:5      | Reached XP level 8. HP: 43/56 MP: 8/8
  3780 | D:4      | Killed a two-headed ogre
  3781 | D:4      | Reached skill level 10 in Staves
  4011 | D:5      | Noticed Menkaure
  4016 | D:5      | Killed Menkaure
  4400 | D:6      | Gained mutation: A meltable shield of frost defends you.
                  | (SH +4) [demonic ancestry]
  4400 | D:6      | Reached XP level 9. HP: 61/61 MP: 9/9
  4805 | D:6      | Found a staircase to the Ecumenical Temple.
  4829 | D:6      | Noticed Maggie
  4843 | D:6      | Killed Maggie
  4994 | Temple   | Entered the Ecumenical Temple
  5018 | Temple   | Became a worshipper of Hepliaklqana the Forgotten
  5278 | D:7      | Reached skill level 1 in Armour
  5476 | D:7      | Noticed Duvessa
  5476 | D:7      | Noticed Dowan
  5486 | D:7      | Killed Duvessa
  5495 | D:7      | Killed Dowan
  5496 | D:7      | Reached skill level 3 in Fighting
  5503 | D:7      | Noticed Prince Ribbit
  5510 | D:7      | Killed Prince Ribbit
  5793 | D:8      | Noticed Pikel
  5804 | D:8      | Killed Pikel
  5805 | D:8      | Gained mutation: You are mostly covered in razor-sharp
                  | scales. (AC +2, Slay +2) [demonic ancestry]
  5805 | D:8      | Reached XP level 10. HP: 62/71 MP: 10/10
  5952 | D:8      | Reached skill level 4 in Fighting
  6659 | D:9      | Reached * piety under Hepliaklqana
  6667 | D:9      | Found a staircase to the Orcish Mines.
  6699 | D:9      | Found a flagged portal.
  6719 | Bailey   | Entered a bailey
  6730 | Bailey   | Reached skill level 5 in Fighting
  6786 | Bailey   | Noticed a two-headed ogre
  6793 | Bailey   | Killed a two-headed ogre
  6922 | Bailey   | Acquired a +1 spectral lajatang
  7064 | D:9      | Noticed Grum
  7073 | D:9      | Gained mutation: You regenerate health from kills. [demonic
                  | ancestry]
  7073 | D:9      | Reached XP level 11. HP: 71/72 MP: 11/11
  7081 | D:9      | Killed Grum
  7082 | D:9      | Reached skill level 6 in Fighting
  7082 | D:9      | Reached skill level 5 in Armour
  7324 | D:9      | Identified the ring of Ylongiwk {Fly Int+2}
  7326 | D:9      | Noticed a two-headed hydra
  7341 | D:9      | Killed a five-headed hydra
  7549 | D:9      | Noticed a two-headed ogre
  7554 | D:9      | Killed a two-headed ogre
  7555 | D:9      | Reached skill level 7 in Fighting
  7703 | D:10     | Entered Level 10 of the Dungeon
  7820 | D:10     | Noticed a two-headed ogre
  7827 | D:10     | Killed a two-headed ogre
  7993 | D:10     | Reached ** piety under Hepliaklqana
  7994 | D:10     | Remembered your ancestor Ayize as a battlemage
  8005 | D:10     | Found Deleaphati's Jewellery Boutique.
  8507 | D:11     | Found Johimpon's Assorted Antiques.
  8507 | D:11     | Found Xuihipp's Book Shop.
  8507 | D:11     | Found Aneoq Sonu's Book Shop.
  8577 | D:11     | Identified the +0 pair of boots "Futos" {rF++ Int-3}
  8765 | D:11     | Found a staircase to the Lair.
  8782 | D:11     | Reached skill level 8 in Fighting
  8920 | D:11     | Found Xiyvaoli's Book Shop.
  9136 | D:11     | Noticed a white ugly thing
  9145 | D:11     | Killed a white ugly thing
  9169 | D:11     | Reached skill level 9 in Fighting
  9423 | Lair:1   | Entered Level 1 of the Lair of Beasts
  9437 | Lair:1   | Reached skill level 1 in Invocations
  9513 | Lair:1   | Reached *** piety under Hepliaklqana
  9527 | Lair:1   | Reached XP level 12. HP: 85/85 MP: 13/13
  9769 | Lair:1   | Found a sacrificial altar of Ru.
 10333 | Lair:2   | Reached **** piety under Hepliaklqana
 10445 | Lair:2   | Found a staircase to the Shoals.
 10475 | Lair:2   | Reached skill level 5 in Invocations
 10481 | Lair:2   | Reached skill level 10 in Fighting
 10514 | Lair:2   | Acquired the ring of the Hare {EV+10}
 10514 | Lair:2   | Found the ring of the Hare {EV+10}
 10603 | Lair:2   | Noticed a death yak
 10606 | Lair:2   | Noticed a death yak
 10606 | Lair:2   | Noticed a death yak
 10611 | Lair:2   | Killed a death yak
 10614 | Lair:2   | Killed a death yak
 10617 | Lair:2   | Killed a death yak
 10999 | Lair:3   | You fall into a shaft and drop 2 floors!
 10999 | Lair:5   | Entered Level 5 of the Lair of Beasts
 10999 | Lair:5   | Noticed a four-headed hydra
 11006 | Lair:3   | Found a gate leading to a gauntlet.
 11018 | Gauntlet | Entered a Gauntlet
 11018 | Gauntlet | Noticed a death scarab
 11018 | Gauntlet | Found a transporter.
 11018 | Gauntlet | Found a transporter.
 11031 | Gauntlet | Found a transporter.
 11044 | Gauntlet | Found a transporter.
 11060 | Gauntlet | Found a transporter.
 11060 | Gauntlet | Found a transporter.
 11060 | Gauntlet | Found a transporter.
 11062 | Gauntlet | Found a transporter.
 11062 | Gauntlet | Found a transporter.
 11083 | Gauntlet | Found a transporter.
 11090 | Gauntlet | Found a transporter.
 11091 | Gauntlet | Noticed a blizzard demon
 11097 | Gauntlet | Noticed a reaper
 11100 | Gauntlet | Found a transporter.
 11114 | Gauntlet | Found a transporter.
 11148 | Gauntlet | Found a transporter.
 11258 | Gauntlet | Identified the ring "Sytel" {rPois rC+ Will+ Str+4 Stlth+}
 11290 | Gauntlet | Reached skill level 11 in Fighting
 11316 | Gauntlet | Identified the -2 hat "Ureubeel" {Harm Regen+ Str+5 Dex-2}
 11339 | Gauntlet | Identified the amulet of Xihuggah {Spirit rF+ rN+ Regen+}
 11339 | Gauntlet | Noticed a minotaur
 11348 | Gauntlet | Killed a minotaur
 11349 | Gauntlet | Reached skill level 10 in Armour
 11349 | Gauntlet | Gained mutation: You are completely covered in razor-sharp
                  | scales. (AC +3, Slay +3) [demonic ancestry]
 11349 | Gauntlet | Reached XP level 13. HP: 52/95 MP: 19/19
 11602 | Lair:3   | Noticed Kirke
 11609 | Lair:3   | Killed Kirke
 11665 | Lair:3   | Found a staircase to the Snake Pit.
 11824 | Lair:3   | Noticed Gastronok
 11838 | Lair:3   | Killed Gastronok
 12253 | Lair:3   | Reached skill level 10 in Invocations
 12329 | Lair:4   | Reached skill level 12 in Fighting
 12630 | Lair:4   | Found a staircase to the Slime Pits.
 12871 | Lair:4   | Found a viscous altar of Jiyva.
 12962 | Lair:4   | Reached XP level 14. HP: 95/104 MP: 19/22
 13127 | Lair:4   | Identified the +4 ring mail of Zon Huim {rElec rPois}
 13460 | Lair:5   | Reached skill level 13 in Fighting
 13463 | Lair:5   | Reached skill level 5 in Dodging
 14581 | D:12     | Found Zepeucum's General Store.
 14685 | D:12     | Reached skill level 14 in Fighting
 15045 | D:12     | Reached ***** piety under Hepliaklqana
 15506 | D:13     | Gained mutation: A meltable icy envelope protects you from
                  | harm. (AC +4) [demonic ancestry]
 15506 | D:13     | Reached XP level 15. HP: 113/113 MP: 21/23
 15696 | D:13     | Noticed Josephine
 15702 | D:13     | Killed Josephine
 15734 | D:13     | Noticed Lodul
 15745 | D:13     | Killed Lodul
 16055 | D:13     | Found a gate to the Vaults.
 16374 | D:14     | Found a hide-covered altar of Uskayaw.
 17224 | D:15     | Entered Level 15 of the Dungeon
 17301 | D:15     | Found a staircase to the Depths.
 17308 | D:15     | Reached skill level 15 in Fighting
 18436 | Orc:1    | Entered Level 1 of the Orcish Mines
 18729 | Orc:2    | Entered Level 2 of the Orcish Mines
 18729 | Orc:2    | Noticed Donald
 18736 | Orc:2    | Killed Donald
 19155 | Orc:2    | Reached XP level 16. HP: 122/122 MP: 21/24
 19163 | Orc:2    | Found Togares's Book Shoppe.
 19209 | Orc:2    | Found Kathrep Siwn's General Store.
 19420 | Orc:2    | Found Yppuomi's Antique Weapon Shoppe.
 19458 | Orc:2    | Found a staircase to the Elven Halls.
 19616 | Orc:2    | Found Nupifa's Antique Armour Shoppe.
 19798 | D:11     | Bought a scroll of acquirement for 1612 gold pieces
 19798 | D:11     | Bought a peridot ring for 155 gold pieces
 19798 | D:11     | Bought a potion of heal wounds for 155 gold pieces
 19800 | D:11     | Acquired the +2 hat of Lucidity {rElec}
 19927 | Orc:2    | Bought a pair of glowing boots for 180 gold pieces
 20090 | D:1      | Bought a potion of heal wounds for 60 gold pieces
 20090 | D:1      | Bought a scroll of enchant weapon for 90 gold pieces
 20090 | D:1      | Bought a scroll of magic mapping for 90 gold pieces
 20356 | Snake:1  | Entered Level 1 of the Snake Pit
 20385 | Snake:1  | Reached skill level 10 in Dodging
 20614 | Snake:1  | Reached skill level 16 in Fighting
 21412 | Snake:2  | Reached skill level 15 in Armour
 21988 | Snake:3  | Noticed Aizul
 22001 | Snake:3  | Killed Aizul
 22089 | Snake:3  | Noticed Mara
 22104 | Snake:3  | Identified the +7 tower shield of the Hart {+Inv Fly}
 22104 | Snake:3  | Noticed Louise
 22107 | Snake:3  | Killed Mara
 22128 | Snake:3  | Killed Louise
 22168 | Snake:3  | Gained mutation: You have a pair of large antennae on your
                  | head. (SInv) [demonic ancestry]
 22168 | Snake:3  | Reached XP level 17. HP: 66/131 MP: 3/25
 22342 | Snake:3  | Reached skill level 17 in Fighting
 22471 | Snake:3  | Noticed Vashnia
 22485 | Snake:3  | Killed Vashnia
 22760 | Snake:4  | Entered Level 4 of the Snake Pit
 23581 | Snake:4  | Got a serpentine rune of Zot
 23740 | Shoals:1 | Entered Level 1 of the Shoals
 23751 | Shoals:1 | Found a frozen archway.
 23756 | IceCv    | Entered an ice cave
 23763 | IceCv    | Reached skill level 18 in Fighting
 23962 | IceCv    | Identified the +0 pair of boots "Waghet" {-Tele rF+ Stlth+}
 24040 | IceCv    | Noticed an Ice Fiend
 24040 | IceCv    | Noticed an Ice Fiend
 24150 | IceCv    | Killed an Ice Fiend
 24264 | IceCv    | Killed an Ice Fiend
 24265 | IceCv    | Gained mutation: Your presence sometimes corrodes those you
                  | injure. [demonic ancestry]
 24265 | IceCv    | Reached XP level 18. HP: 141/141 MP: 21/26
 24621 | Shoals:1 | Identified the +0 scale mail "Verathroi" {Harm rC+ Str+5}
 24701 | Shoals:1 | Identified the +0 chain mail of Poosmedu {*Slow rElec
                  | rPois}
 26470 | Shoals:4 | Entered Level 4 of the Shoals
 26740 | Shoals:4 | Found a snail-covered altar of Cheibriados.
 27117 | Shoals:4 | Reached skill level 19 in Fighting
 27389 | Shoals:4 | Got a barnacled rune of Zot
 28023 | Depths:1 | Entered Level 1 of the Depths
 28073 | Depths:1 | Noticed Saint Roka
 28223 | D:15     | Gained mutation: Your presence sometimes corrodes or
                  | deforms those you injure. [demonic ancestry]
 28223 | D:15     | Reached XP level 19. HP: 139/150 MP: 22/27
 28787 | Depths:1 | Killed Saint Roka
 28788 | Depths:1 | Reached skill level 15 in Dodging
 29312 | Depths:1 | Found a gateway to Hell.
 29383 | Depths:1 | Found a one-way gate leading to the halls of Pandemonium.
 29489 | Depths:1 | Identified the +1 robe of a treasure trove {rElec rN+}
 30275 | Depths:2 | Noticed a juggernaut
 30278 | Depths:2 | Reached skill level 20 in Fighting
 30283 | Depths:2 | Killed a juggernaut
 30291 | Depths:2 | Noticed a golden dragon
 30301 | Depths:2 | Killed a golden dragon
 30397 | Depths:2 | Acquired 1120 gold pieces
 30843 | Depths:2 | Found a sacrificial altar of Ru.
 30855 | Depths:2 | You fall into a shaft and drop 2 floors!
 30855 | Depths:4 | Entered Level 4 of the Depths
 30858 | Depths:4 | Noticed a caustic shrike
 30858 | Depths:4 | Noticed a caustic shrike
 30859 | Depths:4 | Noticed a caustic shrike
 30870 | Depths:4 | Killed a caustic shrike
 30877 | Depths:4 | Killed a caustic shrike
 30878 | Depths:4 | Gained mutation: You regenerate a lot of health from kills.
                  | [demonic ancestry]
 30878 | Depths:4 | Reached XP level 20. HP: 116/158 MP: 19/28
 30889 | Depths:4 | Killed a caustic shrike
 31124 | Depths:3 | Found a one-way gate to the infinite horrors of the Abyss.
 31470 | Depths:3 | Reached skill level 15 in Staves
 31516 | Depths:3 | Noticed a caustic shrike
 31527 | Depths:3 | Killed a caustic shrike
 31774 | Depths:3 | Noticed a caustic shrike
 31792 | Depths:3 | Killed a caustic shrike
 32418 | Depths:3 | Noticed a caustic shrike
 32424 | Depths:3 | Killed a caustic shrike
 32651 | Depths:3 | Found a one-way gateway to a ziggurat.
 32654 | Depths:3 | Paralysed by a floating eye for 4 turns
 32661 | Depths:3 | Paralysed by a floating eye for 2 turns
 32977 | Depths:3 | Found Nuronk's Jewellery Emporium.
 32980 | Depths:3 | Found Gijagif's Book Boutique.
 32981 | Depths:3 | Found Ogiapo Ugufi's Jewellery Emporium.
 32987 | Depths:3 | Bought a +4 ring of slaying for 1092 gold pieces
 33154 | Depths:4 | Reached skill level 21 in Fighting
 33564 | Depths:4 | Reached XP level 21. HP: 167/167 MP: 29/29
 33768 | Depths:4 | Reached skill level 1 in Spellcasting
 33768 | Depths:4 | Reached skill level 1 in Transmutations
 33817 | Depths:4 | Noticed a golden dragon
 33823 | Depths:4 | Killed a golden dragon
 33854 | Depths:4 | Found an iron altar of Okawaru.
 33955 | Depths:4 | Found a gate to the Realm of Zot.
 34022 | Depths:4 | Noticed a golden dragon
 34028 | Depths:4 | Killed a golden dragon
 34513 | Vaults:1 | Entered Level 1 of the Vaults
 34519 | Vaults:1 | Found a magical portal.
 34528 | WizLab   | Entered Tukima's Studio
 34576 | WizLab   | Identified the +8 longbow of Tiquji {speed, rF- rN++ Str+3}
 34619 | WizLab   | Noticed theswoord's illusion
 35067 | Vaults:1 | Found Qiceala's Antique Armour Shop.
 35260 | Vaults:1 | Reached skill level 5 in Spellcasting
 35260 | Vaults:1 | Reached skill level 5 in Transmutations
 35518 | Vaults:1 | Identified the +2 long sword of Cheibriados's Regard
                  | {spect, Str+3}
 36213 | Vaults:2 | Reached ****** piety under Hepliaklqana
 36624 | Vaults:2 | Noticed Bai Suzhen
 36635 | Vaults:2 | Killed Bai Suzhen
 36828 | Vaults:2 | Found a staircase to the Crypt.
 37975 | Vaults:3 | Gained mutation: You can speak a Word of Chaos. [demonic
                  | ancestry]
 37975 | Vaults:3 | Reached XP level 22. HP: 91/174 MP: 13/32
 38440 | Vaults:3 | Found Mogeyg's General Store.
 39867 | Vaults:5 | Entered Level 5 of the Vaults
 39875 | Vaults:5 | Reached skill level 10 in Transmutations
 39880 | Vaults:4 | Reached skill level 10 in Spellcasting
 40784 | Vaults:5 | Noticed a dread lich
 40785 | Vaults:5 | Noticed a dread lich
 40785 | Vaults:5 | Paralysed by a dread lich for 5 turns
 40796 | Vaults:5 | Killed a dread lich
 40797 | Vaults:5 | Reached XP level 23. HP: 172/180 MP: 26/37
 40801 | Vaults:5 | Killed a dread lich
 41028 | Vaults:5 | Got a silver rune of Zot
 41306 | Vaults:5 | Identified the +1 plate armour "Busm" {-Tele rF++ Slay+3}
 41323 | Vaults:5 | Got Sohos's Codex of Production and the Singularity
 41362 | Vaults:5 | Noticed an ancient lich
 41369 | Vaults:5 | Killed an ancient lich
 41564 | Vaults:5 | Identified the +1 ring mail of the Slightly Bent {Regen+}
 41923 | Vaults:5 | Identified the amulet "Neneov Qaare" {Reflect -Cast rElec
                  | rPois rN++ SH+5}
 42402 | Depths:3 | Bought the ring "Makleq" {rF++ Will+ Str+2} for 805 gold
                  | pieces
 42402 | Depths:3 | Bought the ring "Gamud" {rPois rC++ Str-4 SInv} for 529
                  | gold pieces
 42828 | Slime:1  | Entered Level 1 of the Pits of Slime
 43413 | Slime:3  | Mangled by a titanic slime creature

Skill      XL: |  1  2  3  4  5  6  7  8  9 10 11 12 13 14 15 16 17 18 19 20 21 22 23 |
---------------+----------------------------------------------------------------------+-----
Staves         | 3 4 5 6 7 9 11 12 14 15 16 | 16.8
Armour         | 2 4 8 10 11 12 14 15 16 17 18 19 20 | 20.2
Fighting       | 3 5 9 11 12 14 15 16 18 19 20 21 | 21.9
Invocations    | 1 8 10 | 10.7
Dodging        | 4 7 9 11 13 14 15 16 17 | 17.6
Spellcasting   | 7 10 | 10.7
Transmutations | 7 10 | 10.8
Throwing       | |  1.7

Action                     |  1- 3 |  4- 6 |  7- 9 | 10-12 | 13-15 | 16-18 | 19-21 | 22-24 || total
---------------------------+-------+-------+-------+-------+-------+-------+-------+-------++-------
  Melee: Quarterstaff      |   122 |   151 |    36 |    10 |       |       |       |       ||   319
         Lajatang          |       |       |   172 |   544 |   914 |   992 |  1060 |   412 ||  4094
  Throw: Throwing net      |       |     2 |     2 |     1 |       |       |       |       ||     5
   Cast: Wereblood         |       |       |       |       |       |       |     5 |    10 ||    15
 Invoke: Recall Ancestor   |       |       |       |     2 |     4 |     3 |     2 |       ||    11
         Ancestor Life: Ba |       |       |       |     1 |       |       |       |       ||     1
         Idealise          |       |       |       |     2 |     8 |    13 |     4 |     3 ||    30
Ability: Word of Chaos     |       |       |       |       |       |       |       |     1 ||     1
  Evoke: Wand              |       |       |       |       |     1 |       |     2 |       ||     3
    Use: Scroll            |       |     9 |     9 |    17 |     5 |    12 |     7 |    10 ||    69
         Potion            |       |       |     2 |       |     1 |     1 |     6 |     1 ||    11
   Stab: Held in net/web   |       |       |       |     1 |       |       |       |       ||     1
         Distracted        |       |       |       |     5 |    15 |    30 |    27 |    16 ||    93
         Petrified         |       |       |       |       |     3 |       |       |       ||     3
         Petrifying        |       |       |       |       |     2 |       |       |       ||     2
 Armour: Leather armour    |    29 |       |       |       |       |       |       |       ||    29
         Plate armour      |    53 |    96 |    17 |       |       |       |       |       ||   166
         Crystal plate arm |       |       |   120 |   268 |   451 |   444 |   618 |   324 ||  2225
  Dodge: Dodged            |    66 |    43 |    30 |   112 |   684 |   873 |   861 |   249 ||  2918
  Block: Other             |       |       |    11 |    65 |   161 |   166 |   115 |    55 ||   573

Levels and vault maps discovered:
D:1:      shiori_arrival_maze, layout_basic, serial_shops,
          nicolae_shop_statue_plus, shop, shop, nicolae_diamond_shop,
          minmay_misc_feat_more_columns
D:2:      layout_rooms, basic_altar
D:3:      layout_basic, uniq_sigmund, uniq_natasha, uniq_ijyb
D:4:      layout_loops_corners, mainiacjoe_overflow_swirl, dk_vineyard_3
D:5:      layout_loops_ring, uniq_menkaure
D:6:      layout_rooms, minmay_temple_entry_proselytizer, uniq_maggie
D:7:      layout_loops_ring, uniq_duvessa, uniq_prince_ribbit1
D:8:      layout_loops_ring, special_room [special_room_orc],
          kennysheep_windowed_goal, uniq_pikel
D:9:      layout_loops_cross, david_orc_2, enter_bailey_6,
          chequers_serial_rivers_micro_e,
          hangedman_abyss_or_decor_jellyfish_corner, hangedman_ranch, uniq_grum
D:10:     layout_roguey, serial_shops, nicolae_shop_waterfront
D:11:     layout_small_grid, erik_lair_island, serial_shops, shop, shop, shop,
          nicolae_shop_waterfront
D:12:     layout_loops_ring, serial_shops, shop_fountains
D:13:     layout_roguey, grunt_vaults_entry_fortified, uniq_josephine,
          uniq_lodul
D:14:     layout_loops_ring, minmay_splitting_lines, minmay_misc_feat_encased,
          eat_drink_and_be_merry_uskayaw
D:15:     grunt_enter_depths_magical_seal, layout_long_grid, fountainhead,
          fountainhead, grunt_decor_cap
Temple:   nicolae_temple_slightly_damp_pantheon
Lair:1:   layout_chaotic_city, basic_altar, evilmike_ambush
          [evilmike_ambush_outer_basic, evilmike_ambush_inner_basic]
Lair:2:   layout_long_grid, shoals_dummy_entry, serial_bayou_shore_b,
          serial_bayou_shore_b
Lair:3:   layout_gridlike, guppyfry_snake_entry_garden, serial_forest,
          infiniplex_forest_corner_1, infiniplex_forest_end_1,
          infiniplex_forest_clump_long, infiniplex_forest_lined_room_,
          infiniplex_forest_lined_room_2, infiniplex_forest_lined_room_3,
          infiniplex_forest_clump_tiny, infiniplex_forest_lined_3_way,
          gauntlet_entry_generic, wad_woods_road_01,
          infiniplex_staircase_pool_2, uniq_gastronok, uniq_kirke
Lair:4:   regret_index_wax_grids, layout_gridlike,
          minmay_slime_entry_oklob_open, beast_lair_carwin_8
Lair:5:   evilmike_catoblepas_cave, layout_misc_corridors,
          infiniplex_staircase_pool, lemuel_fruit_fields, grunt_megastairs_2
Shoals:1: layout_shoals, portal_ice_cave_entry_pillars_1,
          nicolae_shoals_kraken_intersection
Shoals:2: layout_shoals
Shoals:3: layout_shoals, nicolae_shoals_pincushion_passage
Shoals:4: shoals_end_grunt_ice, layout_shoals, lemuel_oklob_altar
Snake:1:  layout_rooms, grunt_megastairs_4
Snake:2:  layout_misc_corridors, hangedman_snake_sidewinding,
          nicolae_triple_integral
Snake:3:  layout_rooms, nicolae_snake_dead_anacondas, grunt_megastairs_5,
          uniq_louise, uniq_aizul, uniq_vashnia, uniq_mara
Snake:4:  johnstein_snake_rune_scales, layout_rooms
Slime:1:  layout_caves
Slime:2:  layout_caves
Slime:3:  layout_caves
Slime:4:  nicolae_slime_pool, layout_caves
Orc:1:    layout_caves, basic_altar
Orc:2:    grunt_orc_cross, layout_caves, uniq_donald
Vaults:1: infiniplex_enter_wizlab_water, nicolae_vaults_circle_grid_a,
          v_misc_30, v_misc_24, grunt_vaults_twisty, vaults_dpeg_hooks,
          vaults_standard_mumra_enter_the_diamond,
          ontoclasm_vaults_decontamination, v_misc_15, layout_vaults_omnigrid,
          serial_shops, nicolae_shop_hallway_stairs
Vaults:2: hangedman_vaults_locks, blue_anna_dwarven_crypt,
          nicolae_vaults_little_squares_5, hangedman_vaults_slither,
          hangedman_vaults_cutoff, vaults_dpeg_cross, hangedman_vaults_snaps,
          nicolae_vaults_little_squares_4, vaults_dpeg_diagonal,
          layout_vaults_chaotic_city, uniq_bai_suzhen
Vaults:3: v_rooms_2, vaults_standard_mumra_lines, nicolae_vaults_ninety_degrees,
          serial_ice_g, hangedman_vaults_cutoff, nicolae_vaults_rhombus_5,
          v_misc_28, grunt_vaults_trifunnel, v_alt_pattern_3,
          vaults_room_stairs_pillars, nicolae_vaults_little_squares_6,
          layout_vaults_omnibox, serial_shops, shop_statue
Vaults:4: v_misc_3, ontoclasm_vaults_shuriken, v_alt_pattern_6,
          hangedman_vaults_stream, nicolae_vaults_three_branches,
          hangedman_vaults_variations, v_rooms_5, v_alt_pattern_1,
          grunt_vaults_bifocal, ontoclasm_vaults_pinch,
          nicolae_vaults_specimen_jars, vaults_room_glass_cross,
          layout_vaults_ring
Vaults:5: serial_shops
Depths:1: layout_cave_shapes, hellmouth_1, rand_demon_pan_entry_8,
          hangedman_aviary, kennysheep_random_hallway, serial_bayou_shore_b,
          serial_bayou_shore_b, uniq_saint_roka
Depths:2: hangedman_cross_cluster, layout_cave_shapes, pf_hell_entry_tar_spiral,
          rand_demon_pan_entry_3, serial_bayou_pond_b,
          nicolae_ru_sacrificial_ziggurat
Depths:3: minmay_four_inscribed_fans, layout_cave_shapes, enter_ziggurat_c,
          hangedman_abyss_entry_splay, pf_hell_entry_great_geh,
          grunt_pan_entry_in_and_out, minmay_shop_grove
Depths:4: grunt_twist_and_shout, layout_honeycomb, serial_co_window_serial,
          co_window_paths_a, co_window_paths_a, co_window_paths_b,
          co_window_paths_b, co_window_paths_b, co_window_corner_b,
          co_window_unsneaky_path_a, co_window_corner_ca, co_window_4corner_b,
          co_window_4corner_a, glass_columns_a, glass_columns_b,
          glass_columns_b, glass_columns_c, grunt_mini_vestibule,
          minmay_misc_feat_alley, kennysheep_okawaru_gauntlet
